AoeStats
← a.l.a.n.t

MegaRandom

504314221Analyzed
2v2 RM · 27d ago on Sep 4, 2026· 32m 16s· 4 players
Game mode
Random Map
Map size
Medium (4 player)
Population
200
Speed
Normal
Resources
Standard
Victory
Conquest
Starting age
Dark Age
Ending age
Imperial Age
RankedLock teamsTeams togetherTeam positionsShared explorationLock speedFull tech treeHidden civsTurbo modeCheats
Victory
Defeat
🇬🇧 Vietnamese · United Kingdom
1220
+16
🇮🇶 Japanese · Iraq
1161
+18
🇬🇧 Malians · United Kingdom
1237
-18
🇬🇧 Franks · United Kingdom
1192
-16
a.l.a.n.t
6:09 Loom
9:11 Feudal Age
9:55 Double-Bit Axe
10:21 Horse Collar
22:31 Castle Age
21:24 Bloodlines
21:58 Scale Barding Armor
24:21 Wheelbarrow
24:39 Chain Barding Armor
24:26 Husbandry
27:56 Forging
31:19 Gold Mining
aryaszahir958
5:06 Loom
10:45 Feudal Age
15:57 Double-Bit Axe
15:55 Horse Collar
23:08 Castle Age
26:02 Scale Mail Armor
26:13 Forging
29:13 Bow Saw
35:15 Imperial Age
roboPIE
11:37 Feudal Age
15:39 Castle Age
iain.culbeg
4:41 Loom
7:43 Loom
10:02 Feudal Age
10:32 Double-Bit Axe
20:09 Castle Age
18:50 Fletching
20:11 Padded Archer Armor
20:23 Crossbowman
21:37 Bodkin Arrow
23:32 Wheelbarrow
23:49 Bow Saw
24:44 Town Watch
24:47 Pikeman
25:45 Scale Mail Armor
25:50 Horse Collar
Connection lost

Rejoining the realm…

Still unreachable

The connection could not be restored.

Session expired

The server has moved on; the page needs a fresh start.